 Dungeon Crawl Stone Soup version 0.27-a0-96-gb51a1d6fd6 (webtiles) character file.

Game seed: 5613652171695311602

154 knot the Chopper (level 5, 35/61 HPs)
             Began as a Demonspawn Berserker on Jan 19, 2021.
             Was a Believer of Trog.
             Quit the game on level 3 of the Dungeon.
             The game lasted 00:01:20 (3868 turns).

knot the Chopper (Demonspawn Berserker)             Turns: 3868, Time: 00:01:20

Health: 35/61      AC:  2    Str: 18    XL:     5   Next: 13%
Magic:  5/5        EV: 12    Int:  9    God:    Trog [**....]
Gold:   140        SH:  0    Dex: 12    Spells: 4/4 levels left

rFire    . . .     SeeInvis .   a - +0 hand axe
rCold    . . .     Faith    .   (no shield)
rNeg     . . .     Spirit   .   b - +0 animal skin
rPois    .         Reflect  .   (no helmet)
rElec    .         Harm     .   (no cloak)
rCorr    .         Rampage  .   (no gloves)
Will     +....                  (no boots)
Stlth    ..........             (no amulet)
HPRegen  0.20/turn              c - ring of willpower
MPRegen  0.09/turn              (no ring)

@: berserking, very quick
A: claws 1, miasma immunity
a: Renounce Religion, Berserk, Trog's Hand


You were on level 3 of the Dungeon.
You worshipped Trog.
Trog was pleased with you.
You visited 1 branch of the dungeon, and saw 3 of its levels.

You collected 140 gold pieces.

Inventory:

Hand Weapons
 a - a +0 hand axe (weapon)
Missiles
 h - 79 stones
 m - 17 sling bullets
Armour
 b - a +0 animal skin (worn)
Jewellery
 c - a ring of willpower (left claw)
 j - a +4 ring of slaying {unknown}
Scrolls
 d - a scroll of random uselessness {unknown}
 e - 2 scrolls of remove curse {unknown}
 f - a scroll of blinking {unknown}
 g - 5 scrolls of teleportation {unknown}
 o - a scroll of noise {unknown}
 p - a scroll of fog {unknown}
 r - a scroll of identify {unknown}
Potions
 i - 5 potions of heal wounds {unknown}
 k - a potion of magic {unknown}
 l - a potion of curing {unknown}
 n - a potion of might {unknown}
 q - a potion of degeneration {unknown}


   Skills:
 - Level 3.0 Fighting
 + Level 5.3 Axes
 - Level 1.7 Armour
 - Level 1.7 Dodging


You had 4 spell levels left.
You didn't know any spells.
Your spell library was empty.

Dungeon Overview and Level Annotations

Branches:
Dungeon (3/15)

Altars:
Cheibriados
Elyvilon
Sif Muna


Innate Abilities, Weirdness & Mutations

You have sharp fingernails.
You are immune to miasma.


Message History

A red film seems to cover your vision as you go berserk!
You feel yourself moving faster!
You feel mighty!
The centaur shoots an arrow.
The arrow closely misses you.
You feel a strong urge to attack something.
The centaur unwields a +0 shortbow.
The centaur closely misses you.
You closely miss the centaur. The centaur hits you.
You slash the centaur!
The centaur is heavily wounded.
The centaur barely misses you.
You slash the centaur!
The centaur is almost dead.
The centaur hits you!
You slash the centaur!
You kill the centaur!
Trog accepts your kill.
Your Axes skill increases to level 5!
You have reached level 5!
Your demonic ancestry asserts itself...
You feel immune to miasma.
Are you sure you want to abandon this character and quit the game? (Confirm with "yes".)

#.# #.# #.# #.# #.# #.#
#.# #.# #.# #.#
#.####.#######+####### #
###....................#
#
.........#<((..........#
#
######......#(((@).....#
# #......#..........# #
#......#..........# +
#......############
######## +......+
........ ####......###
######.. #.#...........#
#.. #...........#+####
#.. #.#######.........
########..


There were no monsters in sight!

Vanquished Creatures
  A centaur (D:3)
  An adder (D:2)
  An ooze (D:2)
  A worm (D:2)
  A dart slug (D:1)
  2 leopard geckos
  5 bats
  3 giant cockroaches
  6 hobgoblins
  6 jackals (D:3)
  A ball python (D:2)
  2 frilled lizards
  5 goblins
  12 kobolds
  8 rats
55 creatures vanquished.

Notes
Turn   | Place    | Note
-------+----------+-------------------------------------------
     0 | D:1      | knot the Demonspawn Berserker began the quest for the Orb.
     0 | D:1      | Reached XP level 1. HP: 18/18 MP: 1/1
    48 | D:1      | Reached skill level 3 in Axes
   276 | D:1      | Gained mutation: You have sharp fingernails. [demonic
                  | ancestry]
   276 | D:1      | Reached XP level 2. HP: 24/24 MP: 2/2
  1468 | D:2      | Reached XP level 3. HP: 17/29 MP: 3/3
  1710 | D:2      | Reached skill level 4 in Axes
  2206 | D:2      | Reached ** piety under Trog
  2755 | D:2      | Found a shimmering blue altar of Sif Muna.
  3358 | D:3      | Found a white marble altar of Elyvilon.
  3437 | D:3      | Reached XP level 4. HP: 33/35 MP: 4/4
  3802 | D:3      | Found a snail-covered altar of Cheibriados.
  3858 | D:3      | Noticed a centaur
  3867 | D:3      | Killed a centaur
  3868 | D:3      | Reached skill level 5 in Axes
  3868 | D:3      | Gained mutation: You are immune to miasma. [demonic
                  | ancestry]
  3868 | D:3      | Reached XP level 5. HP: 35/41 MP: 5/5
  3868 | D:3      | Quit the game

Illustrated notes

Levels and vault maps discovered:
D:1:      lemuel_arrival_tunnels, layout_loops_corners, minmay_nonomino_d4
D:2:      layout_loops_ring, lemuel_blue_sif_altar, roderic_lattice_a,
          hangedman_decor_peaks_small
D:3:      layout_basic, elyvilon_altar_5, nicolae_overflow_crystal_walls

Skill      XL: |  1  2  3  4 |
---------------+-------------+-----
Axes           | 3 4 5 |  5.3
Fighting       | |  3.0
Armour         | |  1.7
Dodging        | |  1.7

Action                   |  1- 3 |  4- 6 || total
-------------------------+-------+-------++-------
Melee: Hand axe          |   134 |    25 ||   159
Invok: Berserk           |     3 |     1 ||     4
Armor: Animal skin       |    28 |     5 ||    33
Dodge: Dodged            |    70 |    22 ||    92

Table legend: (Time is in decaauts)
 A = Elapsed time spent in this place.
 B = Non-inter-level travel time spent in this place.
 C = Inter-level travel time spent in this place.
 D = Time resting spent in this place.
 E = Time spent auto-exploring this place.
 F = Levels seen in this place.
 G = Mean time per level.
                   A        B        C        D        E       F      G
               +--------+--------+--------+--------+--------+-----+--------+
         Total |   3908 |   3851 |     57 |    906 |   2609 |   3 | 1302.7 |
       Dungeon |   3908 |   3851 |     57 |    906 |   2609 |   3 | 1302.7 |
               +--------+--------+--------+--------+--------+-----+--------+

Top non-repeatable levels by time:
     D:2: 1951 daAuts
     D:1: 1442 daAuts
     D:3: 515 daAuts
